Map: Honorgrounds LE

Players

Musumeci

  • Race: Zerg Zerg
  • League: Diamond
  • Spawn Location: 7:00

Nameless - Winner!

  • Race: Terran Terran
  • League: Diamond
  • Spawn Location: 5:00

VOD

Have the link to the VOD?

Description

Time

  • Played on: March 15, 2017, 8:21 a.m.
  • Length: 15:39
Show
View Real Time Build Order
Export as new Build Order

Musumeci Zerg 

Build Orders: Hatch First 

Get SALT Encoding   

  12  0:01  Drone  
  13  0:12  Drone  
  14  0:22  Drone, Extractor  
  15  0:43  Hatchery  
  15  0:49  Drone, Extractor  
  15  1:12  Spawning Pool  
  15  1:13  Drone, Extractor  
  15  1:17  Extractor  
  14  1:21  Drone, Extractor  
  16  1:25  Overlord  
  16  1:33  Extractor  
  15  1:43  Drone x2  
  15  1:46  Drone  
  19  1:55  Extractor  
  18  2:01  Queen  
  18  2:02  Queen  
  18  2:07  Drone  
  18  2:08  Drone  
  25  2:20  Drone  
  25  2:22  Drone  
  27  2:26  Extractor  
  27  2:40  Drone  
  28  2:46  Overlord  
  28  2:47  Overlord  
  27  2:53  Queen  
  28  3:03  Queen  
  28  3:04  Drone  
  28  3:05  Drone x5  
  36  3:18  Hatchery  
  35  3:33  Drone x6  
  41  3:36  Overlord  
  41  3:44  Extractor  
  41  3:45  Drone, Extractor, Roach Warren  
  41  3:48  Drone  
  40  3:51  Drone  
  41  4:00  Drone  
  41  4:01  Drone x2  
  44  4:09  Drone x2  
  46  4:19  Evolution Chamber x2  
  46  4:20  Overlord  
  44  4:30  Overlord x3  
  44  4:35  Drone x2  
  44  4:36  Drone x4  
  50  4:41  Roach  
  50  4:42  Roach  
  50  4:43  Roach  
  56  4:57  Roach x3  
  62  5:01  Spore Crawler x2  
  62  5:02  Drone  
  62  5:03  Spore Crawler  
  62  5:05  Spore Crawler  
  59  5:10  Lair  
  59  5:12  Drone  
  59  5:13  Extractor  
  59  5:15  Drone x3  
  59  5:19  Drone x3  
  59  5:20  Drone  
  66  5:24  Drone, Extractor  
  66  5:25  Drone  
  66  5:26  Drone  
  66  5:27  Drone  
  65  5:58  Roach x5  
  65  6:01  Ravager x2  
  49  6:28  Drone x5  
  49  6:29  Queen, Drone x11  
  49  6:30  Queen x2  
  70  6:43  Ravager x3  
  70  6:44  Ravager  
  74  6:50  Overlord x4  
  74  7:25  Roach x9  
  90  7:36  Drone  
  91  7:37  Drone  
  91  7:40  Drone x4  
  96  7:51  Extractor  
  96  7:54  Roach x5  
  96  7:55  Extractor  
  104  8:11  Roach  
  106  8:14  Overlord x7  
  106  8:46  Roach x8  
  122  8:55  Ravager x8  
  129  8:56  Ravager  
  129  8:57  Ravager x3  
  129  8:58  Ravager  
  129  8:59  Ravager x2  
  129  9:00  Ravager  
  117  9:25  Evolution Chamber x2  
  115  9:32  Roach x4  
  115  9:33  Roach x14  
  130  9:56  Roach x10  
  130  9:59  Zerg Ground Armor Level 1, Zerg Missile Weapons Level 1  
  137  10:09  Roach x3  
  143  10:21  Extractor  
  143  10:23  Hatchery  
  143  10:25  Ravager x3  
  143  10:26  Ravager x2  
  115  10:45  Roach x10  
  115  10:46  Roach x3  
  141  10:50  Queen  
  141  10:51  Drone x3  
  134  11:05  Drone x3  
  134  11:08  Ravager x5  
  142  11:15  Extractor  
  141  11:22  Glial Reconstitution  
  142  11:40  Drone x6  
  142  11:45  Ravager  
  142  11:46  Ravager x4  
  152  12:05  Roach x11  
  160  12:14  Overlord x7  
  160  12:32  Ravager x4  
  160  12:33  Ravager x5  
  169  12:46  Roach x11  
  173  13:02  Roach x3  
  173  13:03  Roach x11  
  123  13:27  Roach  
  123  13:28  Roach x9  
  119  13:39  Ravager x2  
  119  13:40  Ravager x3  
  118  13:42  Roach  
  118  13:43  Roach x3  
  112  13:56  Roach x6  
  112  14:01  Roach x2  
  118  14:07  Roach x6  
  122  14:25  Ravager x7  
  122  14:26  Ravager  
  122  14:27  Roach  
  122  14:28  Roach  
  122  14:29  Roach  
  128  14:37  Roach x6  
  108  14:52  Roach  
  108  14:53  Roach x8  
  112  15:00  Roach x4  
  105  15:08  Roach  
  104  15:14  Ravager x5  
  104  15:18  Roach  
  104  15:19  Roach x2  
Show
View Real Time Build Order
Export as new Build Order

Nameless Terran - Winner!

Build Orders: Reaper Expand, MMM Bio 

Get SALT Encoding   

  12  0:01  SCV  
  13  0:13  SCV  
  14  0:18  Supply Depot  
  14  0:25  SCV  
  15  0:40  SCV  
  15  0:41  Barracks  
  16  0:48  Refinery  
  16  0:52  SCV  
  17  1:04  SCV  
  18  1:16  SCV  
  19  1:31  Orbital Command  
  19  1:32  Reaper  
  20  1:48  Command Center  
  20  2:00  SCV  
  21  2:08  Marine, Supply Depot  
  21  2:12  SCV  
  23  2:20  Factory  
  23  2:27  SCV  
  23  2:31  Barracks Reactor  
  23  2:38  Refinery  
  23  2:39  SCV  
  24  2:57  SCV  
  24  3:09  Starport, SCV  
  25  3:15  Barracks Tech Lab  
  25  3:17  Hellion x2  
  29  3:21  SCV  
  29  3:24  Supply Depot  
  30  3:30  Orbital Command  
  30  3:36  SCV  
  30  3:38  Hellion  
  30  3:39  Hellion, Stimpack  
  35  3:43  Marine  
  36  3:50  Viking  
  36  3:52  SCV  
  39  3:59  SCV  
  40  4:04  SCV  
  40  4:07  Hellion  
  43  4:11  SCV  
  43  4:15  Armory  
  43  4:16  SCV  
  45  4:19  Marine  
  45  4:20  Medivac  
  48  4:29  SCV  
  48  4:30  SCV  
  50  4:33  Hellion x2  
  54  4:39  Supply Depot  
  54  4:47  Supply Depot  
  54  5:01  SCV x2, Marine  
  54  5:06  Barracks, Starport Reactor  
  57  5:10  Factory Reactor  
  57  5:14  Engineering Bay x2  
  57  5:18  SCV x2  
  57  5:21  Command Center  
  59  5:30  SCV  
  59  5:31  SCV  
  59  5:33  Marine  
  62  5:40  Combat Shields  
  62  5:43  SCV x2, Supply Depot  
  62  5:44  Supply Depot  
  64  5:53  Hellion x4  
  64  5:55  SCV  
  63  6:03  Marine x2  
  63  6:04  Marine  
  66  6:05  Medivac  
  68  6:21  Marine  
  61  6:28  Marine x2  
  54  6:34  Terran Infantry Armor Level 1, Terran Infantry Weapons Level 1  
  54  6:35  SCV x2, Barracks x2  
  54  6:37  Barracks  
  54  6:38  Factory Tech Lab  
  54  6:39  Marine  
  57  6:41  Refinery, Medivac x2  
  57  6:42  Refinery  
  57  6:43  Orbital Command  
  57  6:45  Marine  
  62  6:47  SCV  
  62  6:52  Terran Vehicle Weapons Level 1, Supply Depot  
  62  6:53  Supply Depot  
  63  7:02  Marine  
  63  7:03  Marauder, Marine  
  67  7:08  Orbital Command  
  60  7:23  Marine x2  
  60  7:24  Marauder, Marine x2  
  60  7:26  Siege Tank  
  67  7:33  Refinery  
  67  7:34  Barracks Tech Lab x2  
  67  7:40  Barracks  
  67  7:42  SCV x3, Barracks  
  70  7:45  Marauder  
  70  7:48  Missile Turret, Marine  
  70  7:49  Marine x2  
  75  7:54  SCV  
  75  7:56  SCV x2  
  78  7:58  Refinery  
  78  8:02  Marauder, Marine  
  81  8:06  SCV  
  81  8:07  Marauder  
  81  8:08  SCV, Medivac  
  81  8:09  Medivac  
  89  8:20  Marauder, Marine x3  
  89  8:22  SCV x3  
  89  8:25  Missile Turret  
  97  8:28  Marauder, Terran Infantry Weapons Level 2  
  97  8:29  Terran Infantry Armor Level 2  
  97  8:31  Marine  
  97  8:34  SCV, Barracks Tech Lab  
  101  8:35  SCV, Barracks Tech Lab  
  101  8:36  SCV  
  101  8:41  Siege Tank  
  106  8:42  Marauder, Marine x2  
  106  8:47  Marauder, Marine  
  113  8:49  Marauder, Marine  
  116  9:01  Marine  
  117  9:07  Marine  
  117  9:10  Supply Depot  
  117  9:12  Command Center  
  117  9:13  Marine x3  
  117  9:15  Supply Depot  
  117  9:16  Marauder  
  97  9:26  Marauder x2, Marine x3  
  104  9:32  Marine  
  104  9:33  Marauder  
  99  9:38  Supply Depot  
  99  9:44  Marine x3  
  99  9:45  Marauder, Marine, Siege Tank  
  94  9:47  Marine  
  94  9:51  Marine  
  94  9:52  Marauder  
  98  9:53  Medivac x2  
  98  9:54  Marine  
  103  10:02  Marine  
  103  10:03  SCV x3  
  107  10:10  Marauder, Marine x4  
  107  10:11  Marine  
  107  10:12  Command Center  
  114  10:15  SCV  
  115  10:23  Medivac  
  101  10:42  Marauder x2  
  105  10:43  Marine x2  
  105  10:44  Marauder, Marine x3  
  105  10:45  Marauder  
  111  10:57  Medivac x2  
  111  10:59  SCV x3  
  111  11:01  Marine x3, Terran Infantry Armor Level 3  
  111  11:02  Marauder, Marine  
  111  11:03  Marauder, Terran Infantry Weapons Level 3  
  111  11:04  Marauder  
  128  11:09  Marine x2  
  130  11:19  Marine x4  
  130  11:23  Marine  
  130  11:24  Marine, Siege Tank  
  130  11:25  Marauder  
  141  11:27  Marauder, Medivac  
  144  11:47  Marauder, Marine x2  
  144  11:48  Marauder, Marine  
  144  11:53  Marauder x2, Marine  
  156  12:01  Marine  
  156  12:05  Marine x2  
  149  12:09  Planetary Fortress  
  149  12:10  SCV x3  
  152  12:16  Marauder, Marine x2  
  152  12:22  SCV, Marine x2, Medivac x2  
  157  12:23  SCV  
  157  12:25  Supply Depot x2  
  157  12:27  Supply Depot  
  164  12:32  Missile Turret, Refinery  
  164  12:35  Refinery  
  164  12:43  Marauder x2, Marine x4  
  172  12:46  Marine  
  160  13:01  Marauder, Marine x2  
  160  13:04  Medivac x2  
  168  13:09  Barracks  
  168  13:10  Barracks  
  129  13:28  Marine x2  
  129  13:29  Marauder, Marine  
  129  13:33  Marauder, Marine x3  
  129  13:34  Medivac  
  125  13:40  Medivac  
  124  13:46  Marauder, Marine x2  
  127  13:49  Marine  
  127  13:50  Marauder, Marine  
  127  13:55  Marine  
  127  13:56  Marauder x2  
  120  14:04  Marine x2, Medivac, Siege Tank  
  120  14:06  Marine  
  120  14:08  Marauder, Marine  
  123  14:11  Marine  
  123  14:14  Marauder  
  123  14:17  Marine x2  
  126  14:21  Medivac  
  126  14:22  Marine x2  
  132  14:24  Marine  
  132  14:26  Marine  
  132  14:28  Barracks Tech Lab x2  
  132  14:29  Marauder x2  
  137  14:34  Marine x2, Medivac  
  137  14:35  Marine  
  140  14:40  Marine x2  
  140  14:42  Marine  
  140  14:44  Marine  
  142  14:51  Marauder x2, Medivac  
  143  14:55  Marine x3  
  143  14:56  Marauder, Marine  
  143  14:58  Marine  
  142  15:00  Marine x2  
  142  15:02  Marine  
  143  15:11  Marine  
  143  15:12  Marauder  
  143  15:13  Marine x3  
  149  15:14  Marauder  
  149  15:16  Marine x2  
  149  15:18  Marine x2  
  153  15:25  Command Center  
Tags
 
Add a new tag
Caveats
  • Supply blocks, unpowered buildings, or Contaminate may cause inaccurate times.
  • Supply counts are checked every 10 seconds.